 Dungeon Crawl Stone Soup version 0.29.0-4-gdea44cf6ec (webtiles) character file.

Game seed: 11008094534673819610

97 qw the Chopper (level 4, -7/28 HPs)
             Began as a Gargoyle Fighter on Sept 10, 2022.
             Mangled by an ogre
             ... wielding a +0 giant spiked club
              (18 damage)
             ... on level 3 of the Dungeon.
             The game lasted 00:00:36 (2750 turns).

qw the Chopper (Gargoyle Fighter)                   Turns: 2750, Time: 00:00:37

Health: -7/28      AC: 11    Str: 22    XL:     4   Next: 68%
Magic:  4/4        EV:  9    Int:  8    God:
Gold:   151        SH:  4    Dex:  9    Spells: 3/3 levels left

rFire   . . .      SeeInvis .   Y - +0 war axe
rCold   . . .      Faith    .   c - +0 buckler
rNeg    + . .      Spirit   .   b - +0 scale mail
rPois   inf        Reflect  .   (no helmet)
rElec   +          Harm     .   (no cloak)
rCorr   .          Rampage  .   (no gloves)
Will    .....                   a - +0 pair of boots
Stlth   ..........              (no amulet)
HPRegen 0.09/turn               (no ring)
MPRegen 0.09/turn               (no ring)

@: no status effects
A: sickness immunity, AC +3, negative energy resistance 1, electricity
resistance, torment resistance 1, petrification resistance
a: no special abilities


You were on level 3 of the Dungeon.
You visited 1 branch of the dungeon, and saw 3 of its levels.

You collected 151 gold pieces.


Innate Abilities, Weirdness & Mutations

You are immune to sickness and miasma.
Your stone body is resilient. (AC +3)
You are immune to poison.
You resist negative energy. (rN+)
You are resistant to electric shocks. (rElec)
You are resistant to unholy torment.
You are immune to petrification.


   Skills:
 - Level 3.2 Fighting
 + Level 4.3 Axes
 - Level 3.2 Armour
 - Level 3.2 Shields


You had 3 spell levels left.
You didn't know any spells.
Your spell library was empty.

Inventory:

Hand Weapons
 j - a +1 mace of holy wrath
 Y - a +0 war axe (weapon)
Armour
 a - a +0 pair of boots (worn)
 b - a +0 scale mail (worn)
 c - a +0 buckler (worn)
Jewellery
 h - a ring of ice
Scrolls
 k - a scroll of blinking
 l - a scroll of identify {unknown}
Potions
 d - a potion of might
 e - a potion of brilliance {unknown}
 f - a potion of mutation {unknown}
 g - a potion of heal wounds
 i - a potion of lignification
 o - a potion of flight {unknown}

Dungeon Overview and Level Annotations

Branches:
Dungeon (3/15)

Altars:


Message History

The sling bullet hits you but does no damage.
The goblin hits you with a +1 dagger of venom.
The goblin hits you but does no damage.
You slash the goblin!
You kill the goblin!
You closely miss the goblin.
The goblin hits you with a +1 dagger of venom.
You closely miss the goblin. You miss the goblin.
The goblin closely misses you. The goblin barely misses you.
You hit the goblin.
The goblin is moderately wounded.
You hit the goblin.
You kill the goblin!
The goblin barely misses you. The goblin misses you.
You slash the goblin!
You kill the goblin!
You hit the goblin.
The goblin is moderately wounded.
You closely miss the goblin.
The goblin is moderately wounded.
You barely miss the ogre. The goblin closely misses you.
The ogre hits you with a +0 giant spiked club!
Ouch! That really hurt!
The goblin hits you but does no damage.
You hit the goblin.
The goblin is heavily wounded.
You barely miss the ogre. You block the ogre's attack.
The goblin closely misses you.
You closely miss the goblin.
The goblin is heavily wounded.
You completely miss the ogre. The goblin completely misses you.
The ogre misses you.
You barely miss the goblin.
The goblin is moderately wounded.
You slash the ogre! The goblin closely misses you.
The ogre hits you with a +0 giant spiked club!!
Ouch! That really hurt!
You die... ##### #...# #((.# gg.

#O## #@g# ##.##
##..# ###..##
###...##
#...###
##...######
###......######
######......###


You could see an ogre and 3 goblins.

Vanquished Creatures
  Terence (D:2)
  3 adders (D:3)
  A dart slug (D:1)
  3 endoplasms
  2 giant cockroaches (D:3)
  5 hobgoblins
  4 jackals (D:2)
  2 quokkas
  3 bats
  2 frilled lizards (D:2)
  9 goblins
  3 kobolds
  A rat (D:2)
39 creatures vanquished.

Notes
Turn   | Place    | Note
-------+----------+-------------------------------------------
     0 | D:1      | qw the Gargoyle Fighter began the quest for the Orb.
     0 | D:1      | Reached XP level 1. HP: 14/14 MP: 1/1
     0 | D:1      | 0 ||| qw: Version: 0.1-a-116-g5d60599
     0 | D:1      | 0 ||| qw: Game counter: 7612
     0 | D:1      | 0 ||| qw: Always use a shield: true
     0 | D:1      | 0 ||| qw: God list: Okawaru
     0 | D:1      | 0 ||| qw: Allow faded altars: false
     0 | D:1      | 0 ||| qw: Do Orc after D:15 true
     0 | D:1      | 0 ||| qw: Do second Lair branch before Depths: true
     0 | D:1      | 0 ||| qw: Lair rune preference: random
     0 | D:1      | 0 ||| qw: Plans: Normal, Zot, God:TSO, Crypt, Tomb, Zig,
                  | Orb
     0 | D:1      | 0 ||| PLANNING D:1-11
   188 | D:1      | Reached skill level 2 in Axes
   322 | D:1      | 322 ||| Stepping ~*~*~tactically~*~*~ (hiding).
   328 | D:1      | Reached XP level 2. HP: 14/19 MP: 2/2
  1085 | D:1      | 1085 ||| READING scroll labelled SODGHO ONUHEST.
  1090 | D:1      | 1090 ||| DRINKING 2 ruby potions.
  1459 | D:2      | Reached skill level 3 in Axes
  1728 | D:2      | Reached XP level 3. HP: 23/23 MP: 3/3
  2100 | D:2      | Noticed Terence
  2105 | D:2      | Killed Terence
  2106 | D:2      | Reached XP level 4. HP: 21/28 MP: 4/4
  2316 | D:2      | 2316 ||| UPGRADING to +0 pair of boots.
  2321 | D:2      | 2321 ||| DROPPING +6 ring of intelligence.
  2322 | D:2      | 2322 ||| READING scroll labelled QAFUBR VOFU.
  2323 | D:2      | 2323 ||| READING 2 scrolls labelled FOGOEH HOPE.
  2324 | D:2      | 2324 ||| READING scroll labelled KENTOQ KIMO.
  2425 | D:2      | 2425 ||| DRINKING 2 amethyst potions.
  2477 | D:2      | 2477 ||| DRINKING 2 bubbling silvery potions.
  2478 | D:2      | 2478 ||| DROPPING potion of invisibility.
  2537 | D:3      | Found a faded altar of an unknown god.
  2538 | D:3      | 2538 ||| Stepping randomly (stuck).
  2539 | D:3      | 2539 ||| Stepping randomly (stuck).
  2547 | D:3      | Reached skill level 4 in Axes
  2661 | D:3      | 2661 ||| DROPPING +0 club.
  2738 | D:3      | Noticed an ogre
  2750 | D:3      | Mangled by an ogre

Levels and vault maps discovered:
D:1:      dpeg_arrival_castle, layout_basic, minmay_tetromino_t2
D:2:      layout_basic, amethyst_killhole, grunt_ministairs_4, uniq_terence
D:3:      layout_rooms, gammafunk_ghost_icy, nicolae_ecumenical_pavilion,
          minmay_ogre_servants

Skill      XL: |  1  2  3  4 |
---------------+-------------+-----
Axes           | 2 3 4 |  4.3
Fighting       | |  3.2
Armour         | |  3.2
Shields        | |  3.2

Action                   |  1- 3 |  4- 6 || total
-------------------------+-------+-------++-------
Melee: War axe           |    72 |    31 ||   103
  Use: Scroll            |     1 |     3 ||     4
       Potion            |     1 |     2 ||     3
Armor: Scale mail        |    30 |     8 ||    38
Dodge: Dodged            |    25 |    20 ||    45
Block: Buckler           |    14 |     4 ||    18

Table legend:
 A = Non-vault XP
 B = Vault XP
 C = Vault XP percentage of total XP
 D = Non-vault monster count
 E = Vault monster count
 F = Vault count percentage of total count
                 A         B        C        D         E       F
            +---------+---------+-------+---------+---------+-------
      Total |      82 |      57 |  41.0 |      26 |      13 |  33.3
            +---------+---------+-------+---------+---------+-------
        D:1 |      11 |       3 |  21.4 |       6 |       2 |  25.0
        D:2 |      25 |      46 |  64.8 |      14 |       6 |  30.0
        D:3 |      46 |       8 |  14.8 |       6 |       5 |  45.5
            +---------+---------+-------+---------+---------+-------
